 Dungeon Crawl Stone Soup version 0.14.0-12-g87ee3b7 (webtiles) character file.

8156 Bloax the Grappler (level 11, -2/101 HPs)
             Began as a Troll Transmuter on Apr 16, 2014.
             Was an Elder of Cheibriados.
             Killed from afar by Maurice (7 damage)
             ... with a wand of cold
             ... on Level 11 of the Dungeon.
             The game lasted 00:29:13 (4254 turns).

Bloax the Grappler (Troll Transmuter)               Turns: 4254, Time: 00:29:13

HP  -2/101       AC  9     Str 30      XL: 11   Next:  0%
MP   2/7         EV 17     Int 19      God: Cheibriados [****..]
Gold 403         SH  0     Dex 23      Spells:  3 memorised,  4 levels left

rFire  . . .     SeeInvis .       - Unarmed
rCold  + . .     Clarity  .     k - +0 robe
rNeg   . . .     Conserve .     (shield restricted)
rPois  .         rCorr    .     (helmet restricted)
rElec  .         rRot     .     C - +1 cloak
SustAb . .       Spirit   .     (gloves unavailable)
rMut   .         Warding  .     (boots unavailable)
Gourm  +         Stasis   .     (no amulet)
MR     ++...                    g - ring of protection from magic
                                H - ring of protection from cold

@: very slightly contaminated, very slow, very resistant to hostile
enchantments, unstealthy
A: unfitting armour, claws 3, hooves 1, yellow scales 1, fast metabolism 3,
gourmand, magic resistance 1, regeneration 2, saprovore 2, shaggy fur 1, tough
skin 2, evolution 1
a: Bend Time, Temporal Distortion, Slouch, Renounce Religion


You were on level 11 of the Dungeon.
You worshipped Cheibriados.
Cheibriados was greatly pleased with you.
You were very full.

You visited 2 branches of the dungeon, and saw 12 of its levels.

You collected 403 gold pieces.


Innate Abilities, Weirdness & Mutations

You are too large for most types of armour.
You have claws for hands.
Your metabolism is lightning-fast.
You like to eat raw meat.
You heal very quickly.
You can eat rotten meat.
You are covered in fur (AC +1).
You have very tough skin (AC +2).
You have large cloven feet.
You are partially covered in yellow scales (AC +2).
You are resistant to hostile enchantments.
You evolve.


   Skills:
 - Level 4.9 Fighting
 + Level 7.8 Dodging
 + Level 11.1 Unarmed Combat
 - Level 1.2 Spellcasting
 + Level 5.5 Transmutations
 - Level 2.0 Invocations


You had 4 spell levels left.
You knew the following spells:

 Your Spells              Type           Power        Failure   Level  Hunger
a - Beastly Appendage     Trmt           ###...       1%          1    ##.....
b - Sticks to Snakes      Trmt           ###.......   3%          2    ###....
c - Blade Hands           Trmt           ###.......   63%         5    ######.


Dungeon Overview and Level Annotations

Branches:
Dungeon (11/15)            Temple (1/1) D:7             Orc (0/4) D:9
   Lair: D:8-11

Altars:
Cheibriados
Elyvilon
Fedhas
Kikubaaqudgha
Makhleb
Nemelex Xobeh
Okawaru
Sif Muna
Xom
The Shining One

Annotations:
D:11 Maurice

Inventory:

Missiles
 b - 49 arrows
 h - 8 tomahawks (quivered)
 u - 8 curare-tipped needles
 L - a throwing net
Armour
 k - a +0 robe (worn)
   (You found it on level 3 of the Dungeon)
 w - a +0 cloak
   (You found it on level 10 of the Dungeon)
 C - a +1 cloak (worn)
   (You took it off Crazy Yiuf on level 6 of the Dungeon)
Magical devices
 i - a wand of invisibility (1)
   (You found it on level 10 of the Dungeon)
 l - a wand of confusion (0)
   (You took it off Pikel on level 6 of the Dungeon)
 y - a wand of teleportation (4)
   (You found it on level 10 of the Dungeon)
 B - a wand of fireball (5)
   (You took it off Crazy Yiuf on level 6 of the Dungeon)
 F - a wand of random effects (2)
   (You found it on level 7 of the Dungeon)
 I - a wand of teleportation (7)
   (You took it off an orc wizard on level 8 of the Dungeon)
Comestibles
 a - 6 meat rations
 z - 4 bread rations
 D - 2 beef jerkies
 E - 9 cheeses
 K - a choko
Scrolls
 c - a scroll of fear
 j - a scroll of teleportation
 o - 2 scrolls of remove curse
 s - 2 scrolls of amnesia
 t - a scroll of fog
 G - a scroll of identify
 J - a scroll of magic mapping
Jewellery
 g - a ring of protection from magic (right claw)
   (You found it on level 5 of the Dungeon)
 r - an uncursed ring of sustenance
   (You found it on level 4 of the Dungeon)
 A - an uncursed amulet of stasis
   (You found it on level 10 of the Dungeon)
 H - a ring of protection from cold (left claw)
   (You found it on level 8 of the Dungeon)
Potions
 n - 2 potions of restore abilities
 q - 2 potions of agility
 v - 2 potions of curing
Books
 d - a book of Changes

   Spells                             Type                      Level
   *Beastly Appendage                 Transmutation                1
   *Sticks to Snakes                  Transmutation                2
   Spider Form                        Transmutation/Poison         3
   Ice Form                           Ice/Transmutation            4
   *Blade Hands                       Transmutation                5

######### #..........
....#####....
.........###...
.####......#...
##.........##..
.#.....###...#...
.#..##..@#...#...
..#..#..[.#...#....
.#......:.I@)..#....
.#...#.[..#..#......
.#...#...##..#.......
#.#...###..(.)#.....(.
#.##(.....(..##.......
#..#..(.(.####.......
#..###(..............


You could see Maurice and a sky beast.


Message History

t - Shout!
Orders for allies: a - Attack new target. r - Retreat! s - Stop attacking. w - Wait here. f - Follow me.
Anything else - Stay silent.
There's something in the way.
Gang up on whom?
Aim: Maurice, wielding a glowing dagger and wearing a cloak (fire blocked by a translucent stone wall)
Okay, then.
What do you say? t - Shout!
Orders for allies: a - Attack new target. p - Attack previous target. r - Retreat! s - Stop attacking. w - Wait here. f - Follow me.
Anything else - Stay silent.
Gang up on whom?
Aim: a sky beast Attack!
Something hits you!
* * * LOW HITPOINT WARNING * * *
What do you say? t - Shout!
Orders for allies: a - Attack new target. p - Attack previous target. r - Retreat! s - Stop attacking. w - Wait here. f - Follow me.
Anything else - Stay silent.
Gang up on whom?
Aim: Maurice, wielding a glowing dagger and wearing a cloak Attack!
Something hits you.
* * * LOW HITPOINT WARNING * * *
Maurice hits your ogre with a glowing dagger.
Your ogre is poisoned.
Unknown command.
Evoke which item? (* to show all) (? for menu, Esc to quit)
Okay, then.
Drink which item? (? for menu, Esc to quit)
You feel better. Something hits you!
* * * LOW HITPOINT WARNING * * *
Your ogre hits Maurice with a giant club.
Unknown command.
Unknown command.
Unknown command.
Read which item? (? for menu, Esc to quit)
Blink to where?
As you read the scroll of blinking, it crumbles to dust.
Maurice hits your ogre with a dagger of venom.
Your ogre is killed!
Cheibriados thoroughly appreciates the change of pace.
Use which ability? (? or * to list)
You can feel time thicken for a moment.
Cheibriados thoroughly appreciates the change of pace.
Reactivating autopickup.
You have reached level 11!
You feel a bit more experienced.
You feel somewhat less full.
Unknown command.
Evoke which item? (* to show all) (? for menu, Esc to quit)
Okay, then.
Read which item? (? for menu, Esc to quit)
Charge which item? (? for menu, Esc to quit)
As you read the scroll of recharging, it crumbles to dust.
Your wand of fireball {empty} glows for a moment.
Evoke which item? (* to show all) (? for menu, Esc to quit)
Zapping:
B - a wand of fireball {recharged}
Aim: Maurice, wielding a dagger of venom and wearing a cloak (lightly wounded)
The fireball explodes!
The fireball engulfs Maurice.
Maurice is lightly wounded.
The fireball engulfs the sky beast.
The sky beast is almost dead.
Maurice zaps a wand.
The bolt of cold hits you! You resist.
Your potion of brilliance freezes and shatters!
You die...

Action                   |  1- 3 |  4- 6 |  7- 9 | 10-12 || total
-------------------------+-------+-------+-------+-------++-------
Melee: Unarmed           |    88 |   130 |   280 |   136 ||   634
Throw: Dart              |       |     8 |    12 |     5 ||    25
       Tomahawk          |       |     8 |       |     1 ||     9
       Throwing net      |       |       |       |     1 ||     1
 Cast: Sticks to Snakes  |       |       |       |     3 ||     3
       Beastly Appendage |       |       |       |     1 ||     1
Invok: Slouch            |       |       |       |     1 ||     1
Evoke: Wand              |       |     1 |    19 |    15 ||    35
  Use: Scroll            |       |     4 |    11 |    11 ||    26
       Potion            |       |     1 |     4 |     6 ||    11
 Stab: Confused          |       |       |     1 |       ||     1
       Invisible         |       |       |       |     5 ||     5
       Held in net/web   |       |       |       |     1 ||     1
       Paralysed         |       |       |       |     1 ||     1
       Sleeping          |       |       |       |     1 ||     1

Vault maps used:
D:1:      dpeg_arrival_three_same_balls
D:2:      tso_metal_star, grunt_ministairs_8
D:3:      first_bread, nicolae_underground_beach
D:4:      kennysheep_little_box, uniq_edmund
D:5:      serial_gnoll_camp, gnoll_camp_mini_hut, gnoll_camp_mini_hut,
          gnoll_camp_mini_sergeant, gnoll_camp_huts_moat, minmay_mini_ossuary
D:6:      lemuel_zombie_altar_yredelemnul, nemelex_xobeh_ov_fountains_minmay,
          uniq_grinder, uniq_crazy_yiuf_cottage, uniq_pikel
D:7:      minmay_temple_entry_statues_fountains, grunt_livestock,
          serial_park_tiny_1, dk_vineyard_3, kennysheep_generic_room_5,
          uniq_joseph
D:9:      elyvilon_altar_2, zombieorc2_lemuel, enter_bailey_4,
          okawaru_gym_becter
D:11:     david_lair_generic, minmay_radiant, uniq_harold, uniq_maurice
Temple:   circular_temple_12

Notes
Turn   | Place    | Note
--------------------------------------------------------------
     0 | D:1      | Bloax, the Troll Transmuter, began the quest for the Orb.
     0 | D:1      | Reached XP level 1. HP: 18/18 MP: 2/2
   211 | D:1      | Reached skill level 1 in Fighting
   211 | D:1      | Reached XP level 2. HP: 17/27 MP: 2/2
   399 | D:2      | Found a glowing golden altar of the Shining One.
   489 | D:2      | Reached XP level 3. HP: 24/33 MP: 3/3
   492 | D:2      | Reached skill level 2 in Dodging
   544 | D:2      | Reached skill level 4 in Unarmed Combat
   610 | D:3      | Reached XP level 4. HP: 14/41 MP: 4/4
   613 | D:3      | HP: 10/41 [poisoned by a worker ant]
   618 | D:3      | HP: 8/41 [poisoned by a worker ant]
   624 | D:3      | HP: 7/41 [poisoned by a worker ant]
   630 | D:3      | HP: 7/41 [poisoned by a worker ant]
   635 | D:3      | HP: 6/41 [kobold/club (2)]
   640 | D:3      | HP: 7/41 [poisoned by a worker ant]
   648 | D:3      | HP: 9/41 [poisoned by a worker ant]
   653 | D:3      | HP: 10/41 [kobold/club (2)]
   658 | D:3      | HP: 9/41 [kobold/club (3)]
  1049 | D:4      | Found a sparkling altar of Nemelex Xobeh.
  1273 | D:4      | Noticed a sky beast
  1296 | D:4      | Killed a sky beast
  1296 | D:4      | Reached skill level 2 in Fighting
  1296 | D:4      | Reached skill level 5 in Unarmed Combat
  1296 | D:4      | Reached XP level 5. HP: 49/49 MP: 4/4
  1304 | D:4      | Gained mutation: You have large cloven feet. [mutagenic meat]
  1305 | D:4      | Gained mutation: You are partially covered in yellow scales (AC +2). [mutagenic meat]
  1306 | D:4      | Gained mutation: You evolve. [mutagenic meat]
  1307 | D:4      | ok
  1396 | D:5      | Entered Level 5 of the Dungeon
  1407 | D:5      | Reached XP level 6. HP: 37/57 MP: 5/5
  1466 | D:5      | Noticed a sky beast
  1503 | D:5      | Killed a sky beast
  1503 | D:5      | Reached skill level 3 in Dodging
  1514 | D:5      | Learned a level 2 spell: Sticks to Snakes
  1574 | D:5      | Noticed a phantom
  1629 | D:5      | Killed a phantom
  1629 | D:5      | Reached skill level 6 in Unarmed Combat
  1706 | D:5      | Reached XP level 7. HP: 39/66 MP: 5/5
  1711 | D:5      | Reached skill level 3 in Fighting
  1746 | D:5      | Gained mutation: You digest meat inefficiently. [potion of mutation]
  1767 | D:5      | Noticed an ogre
  1785 | D:5      | Killed an ogre
  2115 | D:6      | Reached skill level 4 in Dodging
  2115 | D:6      | Reached skill level 7 in Unarmed Combat
  2160 | D:6      | Gained mutation: You are resistant to hostile enchantments. [evolution]
  2209 | D:6      | Found a sparkling altar of Nemelex Xobeh.
  2235 | D:6      | Reached XP level 8. HP: 67/78 MP: 6/6
  2267 | D:6      | Noticed Pikel
  2269 | D:6      | Noticed Grinder
  2286 | D:6      | Killed Pikel
  2286 | D:6      | Reached skill level 4 in Fighting
  2286 | D:6      | Reached skill level 8 in Unarmed Combat
  2289 | D:6      | Killed Grinder
  2347 | D:6      | Noticed Crazy Yiuf
  2358 | D:6      | Killed Crazy Yiuf
  2429 | D:7      | Reached skill level 5 in Dodging
  2440 | D:7      | Found a staircase to the Ecumenical Temple.
  2449 | Temple   | Entered the Ecumenical Temple
  2487 | Temple   | Became a worshipper of Cheibriados the Contemplative
  2556 | D:7      | Reached XP level 9. HP: 66/87 MP: 7/7
  2564 | D:7      | Reached skill level 9 in Unarmed Combat
  2708 | D:7      | Noticed Joseph
  2713 | D:7      | Lost mutation: You digest meat inefficiently. [evolution]
  2728 | D:7      | Killed Joseph
  2728 | D:7      | Reached skill level 2 in Transmutations
  2728 | D:7      | Reached skill level 1 in Invocations
  2924 | D:8      | Reached skill level 2 in Invocations
  3171 | D:8      | Reached skill level 6 in Dodging
  3244 | D:8      | Learned a level 5 spell: Blade Hands
  3275 | D:9      | Reached skill level 3 in Transmutations
  3338 | D:9      | Reached skill level 10 in Unarmed Combat
  3344 | D:9      | Found a staircase to the Orcish Mines.
  3355 | D:9      | Acquired Cheibriados' first power
  3371 | D:9      | Reached XP level 10. HP: 61/94 MP: 7/7
  3459 | D:9      | Found an iron altar of Okawaru.
  3509 | D:9      | Paralysed by a giant eyeball for 4 turns
  3523 | D:9      | Found a white marble altar of Elyvilon.
  3647 | D:10     | Entered Level 10 of the Dungeon
  3792 | D:10     | Acquired Cheibriados' second power
  3815 | D:10     | Reached skill level 4 in Transmutations
  3822 | D:10     | HP: 19/94 [yak (11)]
  4007 | D:10     | Reached skill level 7 in Dodging
  4147 | D:11     | Noticed Harold
  4159 | D:11     | Killed Harold
  4159 | D:11     | Reached skill level 5 in Transmutations
  4199 | D:11     | HP: 15/94 [orc priest/divine providence (12)]
  4206 | D:11     | HP: 15/94 [killer bee (9)]
  4211 | D:11     | HP: 7/94 [poisoned by a killer bee]
  4222 | D:11     | Noticed a centaur warrior
  4236 | D:11     | HP: 21/94 [centaur warrior/arrow (20)]
  4237 | D:11     | HP: 10/94 [centaur warrior/arrow (12)]
  4238 | D:11     | HP: 3/94 [centaur warrior (3)]
  4240 | D:11     | Killed a centaur warrior
  4240 | D:11     | Reached skill level 11 in Unarmed Combat
  4243 | D:11     | Noticed Maurice
  4248 | D:11     | HP: 4/94 [something (9)]
  4252 | D:11     | Killed an unseen horror
  4252 | D:11     | Reached XP level 11. HP: 3/101 MP: 7/7
  4254 | D:11     | Killed from afar by Maurice

Vanquished Creatures
  Harold (D:11)
  A centaur warrior (D:11)
  An unseen horror (D:11)
  Pikel (D:6)
  Joseph (D:7)
  Grinder (D:6)
  A troll (D:11)
  A hydra skeleton (D:10)
  3 hungry ghosts (D:9)
  5 yaks (D:10)
  A hippogriff (D:7)
  A human (D:7)
  3 ogres
  A phantom (D:5)
  A yellow wasp (D:9)
  3 black bears
  3 sky beasts
  3 orc warriors
  A centaur (D:11)
  5 giant frogs
  3 gnoll sergeants (D:5)
  2 troll zombies (D:9)
  3 wights (D:10)
  A killer bee (D:11)
  A goliath beetle (D:9)
  3 orc priests
  A big fish (D:9)
  A crimson imp (D:7)
  Crazy Yiuf (D:6)
  A gnoll shaman (D:5)
  An iguana (D:5)
  4 hounds
  3 orc wizards
  6 worker ants
  6 ogre zombies (D:9)
  4 sheep (D:7)
  A worker ant zombie (D:10)
  A mummy (D:5)
  6 adders
  2 gnolls (D:5)
  A giant mite (D:4)
  2 worms
  A goliath beetle zombie (D:9)
  2 shadow imps (D:8)
  A giant eyeball (D:9)
  A giant gecko (D:10)
  22 orcs
  A bat zombie (D:6)
  3 giant cockroaches
  5 goblins
  8 hobgoblins
  11 jackals
  8 kobolds
  3 quokkas
  A ball python (D:6)
  13 bats
  4 giant newts
  A giant spore (D:10)
  4 goblin skeletons (D:9)
  3 goblin zombies (D:9)
  3 hobgoblin skeletons
  2 hobgoblin zombies
  3 orc skeletons (D:9)
  17 orc zombies
  10 rats
  A ballistomycete (D:10)
220 creatures vanquished.

Vanquished Creatures (collateral kills)
  A crimson imp (D:11)
  A quokka (D:9)
  A rat (D:9)
3 creatures vanquished.

Grand Total: 223 creatures vanquished
